 Dungeon Crawl Stone Soup version 0.22-a0-429-g97ce8ef (webtiles) character file.

44 Mgcat the Cudgeler (level 3, -2/36 HPs)
             Began as a Tengu Berserker on May 25, 2018.
             Was a Believer of Trog.
             Slain by a quokka (3 damage)
             ... on level 3 of the Dungeon.
             The game lasted 00:03:10 (1331 turns).

Mgcat the Cudgeler (Tengu Berserker)                Turns: 1331, Time: 00:03:11

Health: -2/36      AC:  2    Str: 20 (23) XL:     3   Next: 60%
Magic:  4/4        EV: 12    Int:  4 (7)  God:    Trog [**....]
Gold:   59         SH:  0    Dex: 12 (13) Spells: 2/2 levels left

rFire    + . .     SeeInvis .   a - +0 mace
rCold    x . .     Gourm    .   (no shield)
rNeg     . . .     Faith    .   b - +0 animal skin
rPois    .         Spirit   .   (helmet restricted)
rElec    .         Reflect  .   (no cloak)
rCorr    .         Harm     .   (no gloves)
MR       .....                  (boots unavailable)
Stlth    ..........             k - amulet of magic regeneration
HPRegen  0.12/turn              o - ring of fire {rF+, rC-}
MPRegen  0.34/turn              (no ring)

@: berserking, very quick
A: beak, talons 3
a: Berserk, Trog's Hand, Renounce Religion


You were on level 3 of the Dungeon.
You worshipped Trog.
Trog was pleased with you.
You were not hungry.

You visited 1 branch of the dungeon, and saw 3 of its levels.

You collected 59 gold pieces.

Inventory:

Hand Weapons
 a - a +0 mace (weapon)
Armour
 b - a +0 animal skin (worn)
Jewellery
 k - an amulet of magic regeneration (around neck)
   (You found it on level 1 of the Dungeon)
 o - a ring of fire (left hand) {rF+, rC-}
   (You found it on level 1 of the Dungeon)
Scrolls
 d - 2 scrolls of enchant weapon {unknown}
 e - 2 scrolls of identify {unknown}
 f - a scroll of amnesia {unknown}
 g - 3 scrolls of remove curse {unknown}
 m - a scroll of immolation {unknown}
Potions
 h - a potion of curing {unknown}
Comestibles
 c - a ration
 i - 2 chunks of flesh {@w0}


   Skills:
 + Level 3.8 Fighting
 + Level 4.2 Maces & Flails
 - Level 2.1 Armour
 - Level 2.1 Dodging


You had 2 spell levels left.
You didn't know any spells.
Your spell library was empty.

Dungeon Overview and Level Annotations

Branches:
Dungeon (2/15)

Altars:

Annotations:
D:2 Sigmund


Innate Abilities, Weirdness & Mutations

You have a beak for a mouth.
You have claws for feet.


Message History

You hit the worm. You claw the worm.
The worm is moderately wounded.
You hit the worm.
The worm is severely wounded.
The worm bites you.
You hit the worm.
You kill the worm!
Trog accepts your kill. The bat hits you but does no damage.
The bat closely misses you.
You hit the bat.
You kill the bat!
Trog accepts your kill.
You now have 59 gold pieces (gained 10).
A bat comes into view.
A bat is nearby!
A bat is nearby!
You barely miss the bat. The bat closely misses you.
The bat hits you but does no damage. x2; The bat hits you.
You hit the bat but do no damage. Your kick misses the bat. The bat hits you.
The bat barely misses you. The bat barely misses you.
You are feeling hungry.
You thump the bat!
You kill the bat!
Trog accepts your kill.
No target in view!
No target in view!
Eating one of 2 chunks of flesh {@w0}.
You eat one of the 2 chunks of flesh {@w0}.
This raw flesh tastes terrible.
You butcher the bat corpse.
i - 2 chunks of flesh {@w0} (gained 1)
The kobold is too close now for your liking.
The kobold barely misses you.
You hit the kobold. Your kick misses the kobold.
The kobold is heavily wounded.
The kobold closely misses you.
You closely miss the kobold.
You kill the kobold!
Trog accepts your kill.
No target in view!
No target in view!
Things that are here:
a club; 5 stones; a kobold corpse The frilled lizard hisses angrily.
The frilled lizard is too close now for your liking.
A frilled lizard is nearby!
The frilled lizard closely misses you.
You miss the frilled lizard.
You kill the frilled lizard!
Trog accepts your kill.
No target in view!
No target in view!
You enter the shallow water.
Moving in this stuff is going to be slow.
Key pressed, stopping explore.
You fall through a shaft!
The shaft crumbles and collapses.
A rat, a quokka and a kobold come into view.
The kobold shouts!
There are monsters nearby!
A quokka comes into view.
Found a stone staircase leading down.
You barely miss the rat. The rat barely misses you. The rat bites you.
You hit the quokka.
You kill the quokka!
Trog accepts your kill. The rat bites you. The kobold hits you with a dagger.
You see here a robe.
An orc priest comes into view. It is wielding a dagger.
The orc priest shouts!
An orc comes into view. It is wielding a hand axe.
An orc comes into view.
The orc shouts!
You hear a shout!
The orc throws a tomahawk.
The tomahawk hits you but does no damage.
An orc priest comes into view. It is wielding a flail.
You see here a tomahawk.
You are too injured to fight recklessly!
The orc shouts!
The orc priest invokes the aid of Beogh against you.
Pain shoots through your body!
* * * LOW HITPOINT WARNING * * *
The orc throws a tomahawk.
The tomahawk barely misses you.
The orc priest looks encouraged for a moment.
You see here a tomahawk.
The kobold barely misses you.
The orc priest casts a cantrip, but nothing happens.
You hit the kobold.
You kill the kobold!
Trog accepts your kill. The quokka bites you.
* * * LOW HITPOINT WARNING * * *
Really quaff
j - a potion of berserk rage {!q}?
A red film seems to cover your vision as you go berserk!
You feel yourself moving faster!
You feel mighty! The quokka bites you.
* * * LOW HITPOINT WARNING * * *
You miss the quokka. The quokka bites you.
You die...

.# #.. .##..# #.....###
. .$....... ...
####...........
.....##..o......##...
.......@#......#.....
......##ro###.o......
.....###.#o....o.....
..........(..#.......
.....#######o..........
.. .##### ##..........
# #.....##(..........
.......#r#.........
.........#.........


You could see 2 orc priests, 2 orcs and a quokka.

Vanquished Creatures
  An adder (D:2)
  2 worms (D:2)
  7 bats
  4 goblins
  3 hobgoblins (D:1)
  A quokka (D:3)
  A ball python (D:1)
  2 frilled lizards
  7 kobolds
  3 rats (D:1)
31 creatures vanquished.

Notes
Turn   | Place    | Note
-------+----------+-------------------------------------------
     0 | D:1      | Mgcat the Tengu Berserker began the quest for the Orb.
     0 | D:1      | Reached XP level 1. HP: 14/14 MP: 2/2
   154 | D:1      | Reached XP level 2. HP: 15/19 MP: 3/3
   545 | D:1      | Reached ** piety under Trog
   707 | D:2      | Noticed Sigmund
   765 | D:2      | HP: 7/28 [poisoned by an adder]
   766 | D:2      | Reached skill level 4 in Maces & Flails
   766 | D:2      | Reached XP level 3. HP: 9/23 MP: 4/4
   770 | D:2      | HP: 4/23 [poisoned by an adder]
   776 | D:1      | HP: 1/23 [poisoned by an adder]
  1310 | D:2      | You fall through a shaft!
  1329 | D:3      | HP: 3/24 [quokka (5)]
  1330 | D:3      | HP: 1/36 [quokka (3)]
  1331 | D:3      | Slain by a quokka

Vault maps used:
D:1:      giann_bridges, minmay_tetromino_s4
D:2:      cheibrodos_helix_gallery, lemuel_doored_altar,
          evilmike_ruin_ashenzari, first_ration, uniq_sigmund

Skill      XL: |  1  2 |
---------------+-------+-----
Maces & Flails | 4 |  4.2
Fighting       | |  3.8
Armour         | |  2.1
Dodging        | |  2.1

Action                   || total
-------------------------++-------
Melee: Mace              ||    63
       Kick              ||    12
       Peck              ||     3
Invok: Trog's Hand       ||     1
  Use: Potion            ||     6
 Stab: Sleeping          ||     1
  Eat: Chunk             ||     2
Armor: Animal skin       ||    18
Dodge: Dodged            ||    41

Table legend:
 A = Spawn XP
 B = Non-spawn XP
 C = Spawn XP percentage of total XP
 D = Spawn monster count
 E = Non-spawn monster count
 F = Spawn count percentage of total count
 G = Total turns spent on level
                    A         B        C        D         E        F      G
               +---------+---------+-------+---------+---------+-------+---------
         Total |       0 |      63 |   0.0 |       0 |      31 |   0.0 |  1331
               +---------+---------+-------+---------+---------+-------+---------
           D:1 |       0 |      28 |   0.0 |       0 |      19 |   0.0 |   903
           D:2 |       0 |      32 |   0.0 |       0 |      10 |   0.0 |   407
           D:3 |       0 |       3 |   0.0 |       0 |       2 |   0.0 |    21
               +---------+---------+-------+---------+---------+-------+---------

Vault maps used:
D:1:      giann_bridges, minmay_tetromino_s4
D:2:      cheibrodos_helix_gallery, lemuel_doored_altar,
          evilmike_ruin_ashenzari, first_ration, uniq_sigmund

Table legend:
 A = Turns spent in this place as a percentage of turns spent in the entire game.
 B = Non-inter-level travel turns spent in this place as a percentage of non-inter-level travel turns spent in the entire game.
 C = Inter-level travel turns spent in this place as a percentage of turns spent in this place.
 D = Turns resting spent in this place as a percentage of non-inter-level travel turns spent in this place.
 E = Turns spent auto-exploring this place as a percentage of non-inter-level travel turns spent in this place.
 F = Non-inter-level travel turns spent in this place divided by the number of levels of this place that you've seen.
                   A       B       C       D       E      F
               +-------+-------+-------+-------+-------+----------------------
         Total | 100.0 | 100.0 |   3.2 |   9.4 |  71.7 | 429.7
       Dungeon | 100.0 | 100.0 |   3.2 |   9.4 |  71.7 | 429.7
               +-------+-------+-------+-------+-------+----------------------

Table legend:
 A = Kills in this place as a percentage of kills in entire the game.
 B = Kills by you in this place as a percentage of kills by you in the entire game.
 C = Kills by friends in this place as a percentage of kills by friends in the entire game.
 D = Other kills in this place as a percentage of other kills in the entire game.
 E = Experience gained in this place as a percentage of experience gained in the entire game.
 F = Experience gained in this place divided by the number of levels of this place that you have seen.
                   A       B       C       D       E      F
               +-------+-------+-------+-------+-------+----------------------
         Total | 100.0 | 100.0 |   N/A |   N/A | 100.0 |  21.0
       Dungeon | 100.0 | 100.0 |   N/A |   N/A | 100.0 |  21.0
               +-------+-------+-------+-------+-------+----------------------
